 Dungeon Crawl Stone Soup version 0.23-a0-49-gd9f7a49 (webtiles) character file.

3324 Gorice the Arsonist (level 9, -8/45 HPs)
             Began as a Deep Elf Fire Elementalist on Aug 7, 2018.
             Was a Follower of Vehumet.
             Mangled by Harold
             ... wielding a +0 hand axe
              (10 damage)
             ... on level 8 of the Dungeon.
             The game lasted 00:42:45 (9841 turns).

Gorice the Arsonist (Deep Elf Fire Elementalist)    Turns: 9841, Time: 00:42:46

Health: -8/45      AC:  6    Str:  5    XL:     9   Next: 71%
Magic:  5/23       EV:  7    Int: 24    God:    Vehumet [*.....]
Gold:   383        SH:  0    Dex: 15    Spells: 6/24 levels left

rFire    . . .     SeeInvis .   a - +2 dagger (speed)
rCold    . . .     Gourm    .   (no shield)
rNeg     . . .     Faith    .   e - +0 robe
rPois    .         Spirit   .   (no helmet)
rElec    .         Reflect  .   D - +1 cloak
rCorr    .         Harm     .   (no gloves)
MR       .....                  v - +1 pair of boots
Stlth    +++.......             u - amulet of magic regeneration
HPRegen  0.15/turn              w - ring of wizardry
MPRegen  0.43/turn              s - ring of stealth

@: very slightly contaminated, held
A: no striking features
a: Renounce Religion


You were on level 8 of the Dungeon.
You worshipped Vehumet.
Vehumet was aware of your devotion.
You were very hungry.

You visited 2 branches of the dungeon, and saw 9 of its levels.
You also visited: Ossuary.

You collected 383 gold pieces.

Inventory:

Hand Weapons
 a - a +2 dagger of speed (weapon)
   (You took it off a goblin on level 2 of the Dungeon)
 h - a +1 morningstar of holy wrath
   (You took it off an orc on level 3 of the Dungeon)
 m - a +0 dagger of flaming
   (You took it off an orc wizard on level 3 of the Dungeon)
 q - a +0 vampiric short sword
   (You took it off an orc on level 6 of the Dungeon)
Missiles
 i - 8 tomahawks
 k - 6 silver javelins (quivered)
 Y - 159 stones
Armour
 e - a +0 robe (worn)
 v - a +1 pair of boots (worn)
 D - a +1 cloak (worn)
 F - a +2 scale mail of cold resistance
   (You took it off an orc priest on level 3 of the Dungeon)
Jewellery
 n - an uncursed ring of positive energy
 s - a ring of stealth (right hand)
 u - an amulet of magic regeneration (around neck)
 w - a ring of wizardry (left hand)
 I - an uncursed ring of ice
Wands
 b - a wand of digging (28)
 t - a wand of paralysis (17)
 E - a wand of acid (6)
 H - a wand of iceblast (3)
 J - a wand of random effects (37)
Scrolls
 l - 6 scrolls of remove curse
 y - 2 scrolls of enchant weapon
 C - 2 scrolls of teleportation {!r}
 K - a scroll of magic mapping {unknown}
 L - a scroll of fog {unknown}
 Z - a scroll of enchant armour
Potions
 d - a potion of flight
 f - a potion of curing {unknown}
 g - 2 potions of cancellation {!q}
 j - 2 potions of agility {!q}
 o - a potion of ambrosia {unknown}
 r - a potion of resistance {unknown}
 x - 3 potions of brilliance {!q}
 z - 3 potions of magic {unknown}
 A - a potion of berserk rage
 B - 2 potions of lignification {unknown}
 G - a potion of invisibility {unknown}
Comestibles
 c - 11 rations
 M - 5 chunks of flesh


   Skills:
 - Level 2.4 Dodging
 - Level 2.4 Stealth
 + Level 8.3 Spellcasting
 * Level 9.7 Conjurations
 + Level 2.4 Necromancy
 * Level 9.8 Fire Magic


You had 6 spell levels left.
You knew the following spells:

 Your Spells              Type           Power        Failure   Level  Hunger
a - Flame Tongue          Conj/Fire      #####        1%          1    None
b - Throw Flame           Conj/Fire      ######       1%          2    None
c - Conjure Flame         Conj/Fire      ######..     1%          3    None
d - Sticky Flame          Conj/Fire      ######..     1%          4    ##.....
e - Fireball              Conj/Fire      ######....   1%          5    #####..
R - Regeneration          Chrm/Necr      ###.......   4%          3    None

Your spell library contained the following spells:

 Spells                   Type           Power        Failure   Level  Hunger
 Animate Dead             Necr           N/A          9%          4    ##.....
 Pain                     Necr           ###.         1%          1    None
 Animate Skeleton         Necr           N/A          1%          1    None
 Vampiric Draining        Necr           ###.......   2%          3    None
 Inner Flame              Hex/Fire       ####....     1%          3    None


Dungeon Overview and Level Annotations

Branches:
Dungeon (8/15)             Temple (1/1) D:6
   Lair: D:8-11

Altars:
Ashenzari
Cheibriados
Dithmenos
Fedhas
Gozag
Hepliaklqana
Kikubaaqudgha
Makhleb
Nemelex Xobeh
Okawaru
Qazlal
Ru
Sif Muna
Trog
Uskayaw
Vehumet
Wu Jian
Xom
Yredelemnul
Zin
The Shining One

Annotations:
D:8 Harold


Message History

You tear a large gash into the net.
Harold hits you with a hand axe.
* * * LOW HITPOINT WARNING * * *
Damage: 5 (max 23) Unknown command.
Unknown command.
Casting: Sticky Flame (safe; 1% risk of failure)
Confirm with . or Enter, or press ? or * to list all spells.
Okay, then.
Really quaff
p - a potion of heal wounds {!q}?
You feel much better. Harold hits you with a hand axe.
* * * LOW HITPOINT WARNING * * *
Unknown command.
Casting: Sticky Flame (safe; 1% risk of failure)
Confirm with . or Enter, or press ? or * to list all spells.
Aiming: Fireball (safe; 1% risk of failure)
Press: ? - help, Shift-Dir - straight line, p - Harold The fireball explodes!
The fireball engulfs Harold.
Harold is moderately wounded.
Unknown command.
Casting: Fireball (safe; 1% risk of failure)
Confirm with . or Enter, or press ? or * to list all spells.
Aiming: Fireball (safe; 1% risk of failure)
Press: ? - help, Shift-Dir - straight line You miscast Fireball.
You are very lightly contaminated with residual magic.
Nothing appears to happen.
Harold hits you with a hand axe.
* * * LOW HITPOINT WARNING * * *
Damage: 1 (max 23)
Casting: Fireball (safe; 1% risk of failure)
Confirm with . or Enter, or press ? or * to list all spells.
Aiming: Sticky Flame (safe; 1% risk of failure)
Press: ? - help, Shift-Dir - straight line, f - Harold
Aim: Harold, wielding a hand axe and wearing a scale mail (moderately wounded)
The sticky flame hits Harold.
Harold is moderately wounded.
Harold is covered in liquid flames!
Harold burns!
Harold hits you with a hand axe!
* * * LOW HITPOINT WARNING * * *
Damage: 11 (max 23) Unknown command.
Unknown command.
Casting: Sticky Flame (safe; 1% risk of failure)
Confirm with . or Enter, or press ? or * to list all spells.
Aiming: Fireball (safe; 1% risk of failure)
Press: ? - help, Shift-Dir - straight line, p - Harold The fireball explodes!
The fireball engulfs Harold.
Harold is severely wounded.
You are feeling very hungry.
Harold burns!
Harold hits you with a hand axe!
You die...

#.#.##[##.###..# #.#
..#.##<##.# #..# #.#
###.......###..# #.#
#..#.##.....## #.#
#..#.####.### #.#
#..#.####.### #.#
#..#........# #.#
#..#.@###.#.# #[#
#....@....#.#######.#
##.##.##............#
#.##.###.#.##......#
.####.#..###.#>##.######
...............##.#
#..###..#########.# #.##
#.# #.# #.# #.# #.#


You could see Harold (burning).

Vanquished Creatures
  Joseph (D:8)
  Sigmund (D:2)
  A water moccasin (D:8)
  An ice beast (D:8)
  2 orc warriors
  A black bear (D:7)
  3 sky beasts
  3 centaurs
  2 ogres
  2 bullfrogs (D:8)
  2 elf zombies (Ossuary)
  3 scorpions (D:6)
  7 wights
  A howler monkey (D:5)
  2 orc priests
  3 centaur zombies
  2 hounds (D:6)
  A centaur skeleton (D:6)
  8 orc wizards
  4 bullfrog skeletons
  3 worker ants
  A hound zombie (D:5)
  A hound skeleton (D:7)
  2 mummies (Ossuary)
  8 adders
  A gnoll (D:1)
  3 shadow imps
  An ooze (D:1)
  An adder zombie (Ossuary)
  An adder skeleton (D:6)
  2 dart slugs
  4 worms
  3 leopard geckos
  27 orcs
  4 giant cockroaches
  11 goblins
  7 hobgoblins
  20 jackals
  7 kobolds
  3 quokkas
  11 bats
  4 frilled lizards
  A goblin zombie (Ossuary)
  13 hobgoblin zombies (Ossuary)
  A jackal zombie (Ossuary)
  11 kobold zombies (Ossuary)
  4 orc zombies (Ossuary)
  A quokka skeleton (D:4)
  8 rats
  A rat zombie (Ossuary)
  A spectral orc (D:3)
216 creatures vanquished.

Notes
Turn   | Place    | Note
-------+----------+-------------------------------------------
     0 | D:1      | Gorice the Deep Elf Fire Elementalist began the quest for the Orb.
     0 | D:1      | Reached XP level 1. HP: 10/10 MP: 6/6
    36 | D:1      | Reached skill level 2 in Conjurations
    36 | D:1      | Reached XP level 2. HP: 15/15 MP: 1/8
   343 | D:1      | Reached skill level 3 in Conjurations
   562 | D:1      | Reached XP level 3. HP: 19/19 MP: 2/9
   734 | D:1      | Learned a level 2 spell: Throw Flame
   738 | D:1      | Learned a level 3 spell: Conjure Flame
  1040 | D:2      | Found a deep blue altar of Sif Muna.
  1041 | D:2      | Found a snail-covered altar of Cheibriados.
  1136 | D:2      | Noticed Sigmund
  1786 | D:1      | Reached skill level 4 in Fire Magic
  1786 | D:1      | Reached XP level 4. HP: 19/24 MP: 3/11
  1992 | D:2      | Reached skill level 4 in Conjurations
  2245 | D:1      | Learned a level 4 spell: Sticky Flame
  2616 | D:2      | Killed Sigmund
  2616 | D:2      | Reached skill level 4 in Spellcasting
  2616 | D:2      | Reached skill level 5 in Fire Magic
  2616 | D:2      | Reached XP level 5. HP: 28/28 MP: 8/13
  2616 | D:2      | Reached XP level 6. HP: 32/32 MP: 8/14
  3329 | D:3      | HP: 8/32 [orc priest (2)]
  3331 | D:3      | Reached skill level 5 in Conjurations
  3794 | D:3      | Found a basalt altar of Yredelemnul.
  3860 | D:3      | Noticed a sky beast
  3885 | D:3      | Killed a sky beast
  4694 | D:4      | Reached skill level 5 in Spellcasting
  4694 | D:4      | Reached XP level 7. HP: 36/36 MP: 4/16
  5027 | D:5      | Entered Level 5 of the Dungeon
  5116 | D:5      | Reached skill level 6 in Fire Magic
  5365 | D:5      | Reached skill level 6 in Conjurations
  5531 | D:5      | Found a sand-covered staircase.
  5546 | Ossuary  | Entered an ossuary
  5887 | Ossuary  | Reached XP level 8. HP: 23/41 MP: 1/18
  6108 | D:5      | Reached skill level 6 in Spellcasting
  6108 | D:5      | Reached skill level 7 in Fire Magic
  6492 | D:5      | Reached skill level 7 in Conjurations
  6752 | D:5      | Learned a level 5 spell: Fireball
  7034 | D:6      | Found a staircase to the Ecumenical Temple.
  7051 | Temple   | Entered the Ecumenical Temple
  7223 | Temple   | Became a worshipper of Vehumet
  7505 | D:6      | Reached skill level 8 in Fire Magic
  7527 | D:6      | Reached skill level 8 in Conjurations
  7688 | D:6      | Found a shadowy altar of Dithmenos.
  7698 | D:6      | Reached skill level 7 in Spellcasting
  8155 | D:7      | Found an ancient bone altar of Kikubaaqudgha.
  8170 | D:7      | Reached XP level 9. HP: 26/45 MP: 16/21
  8210 | D:7      | Found an ornate altar of the Wu Jian Council.
  8618 | D:7      | Reached skill level 9 in Fire Magic
  8699 | D:7      | Reached skill level 9 in Conjurations
  8958 | D:7      | Reached * piety under Vehumet
  8958 | D:7      | Offered knowledge of Sandblast by Vehumet.
  9150 | D:7      | Learned a level 3 spell: Regeneration
  9198 | D:8      | Noticed Harold
  9363 | D:8      | HP: 13/45 [centaur/arrow (16)]
  9364 | D:8      | Reached skill level 1 in Necromancy
  9375 | D:8      | Noticed Joseph
  9595 | D:8      | Killed Joseph
  9595 | D:8      | Reached skill level 8 in Spellcasting
  9597 | D:8      | HP: 13/45 [wight/long sword (1)]
  9599 | D:8      | Reached skill level 2 in Necromancy
  9604 | D:8      | HP: 13/45 [wight/spear (1)]
  9831 | D:8      | HP: 8/45 [Harold/hand axe (23)]
  9836 | D:8      | HP: 2/45 [Harold/hand axe (5)]
  9841 | D:8      | Mangled by Harold

Vault maps used:
D:1:      lightli_arrival_quake
D:2:      chequers_temple_overflow_statue_of_worship, uniq_sigmund
D:3:      yredelemnul_forgotten_temple_becter, minivault_24,
          corexii_leaking_fountain, dk_vineyard_3, corexii_hall_statues_u
D:4:      first_ration
D:5:      nicolae_ossuary_entry_monument, serial_co_window_serial,
          co_window_corner_a, co_window_corner_a, co_window_paths_b,
          co_window_paths_b, co_window_corner_a, co_window_of_opportunity_a,
          co_window_cross_1, co_window_corner_a, co_window_paths_b,
          co_window_corner_ca, co_window_broadway_b, co_window_of_opportunity_b,
          co_window_4corner_a, glass_columns_a, glass_columns_b,
          glass_columns_a, glass_columns_b, glass_columns_c
D:6:      minmay_temple_entry_overgrown,
          hangedman_abyss_or_decor_jellyfish_corner, grunt_dithmenos_shadows
D:7:      nicolae_overflow_crystal_walls, lemuel_doored_altar,
          serial_co_window_serial, co_window_cross_1, co_window_paths_a,
          co_window_paths_a, co_window_paths_b, co_window_paths_a,
          co_window_paths_b, co_window_paths_a, co_window_corner_b,
          co_window_broadway_c, co_window_unsneaky_path_b,
          co_window_of_opportunity_c, co_window_broadway_a, co_window_4corner_a,
          glass_columns_b
D:8:      minmay_statue_hallways, elyvilon_altar_5, uniq_joseph, uniq_harold
Temple:   eino_temple_scatter_basement
Ossuary:  ossuary_tomb_1

Skill      XL: |  1  2  3  4  5  6  7  8  9 |
---------------+----------------------------+-----
Conjurations   | 2 3 4 5 6 8 9 |  9.7
Fire Magic     | 4 5 6 8 9 |  9.8
Spellcasting   | 4 5 7 8 |  8.3
Necromancy     | 2 |  2.4
Dodging        | |  2.4
Stealth        | |  2.4

Action                   |  1- 3 |  4- 6 |  7- 9 || total
-------------------------+-------+-------+-------++-------
Melee: Unarmed           |     1 |       |       ||     1
       Dagger            |       |     9 |   170 ||   179
Throw: Stone             |       |       |     2 ||     2
 Cast: Flame Tongue      |    78 |    55 |    87 ||   220
       Throw Flame       |     6 |    46 |    97 ||   149
       Conjure Flame     |       |     2 |    27 ||    29
       Sticky Flame      |       |     1 |    20 ||    21
       Fireball          |       |       |     2 ||     2
Evoke: Wand              |       |       |     2 ||     2
  Use: Scroll            |     2 |     3 |     6 ||    11
       Potion            |       |     2 |     2 ||     4
 Stab: Sleeping          |       |       |     4 ||     4
  Eat: Chunk             |     3 |     9 |    14 ||    26
       Ration            |       |       |     1 ||     1
Armor: Robe              |     7 |     7 |     9 ||    23
Dodge: Dodged            |    43 |    15 |    80 ||   138

Table legend:
 A = Spawn XP
 B = Non-spawn XP
 C = Spawn XP percentage of total XP
 D = Spawn monster count
 E = Non-spawn monster count
 F = Spawn count percentage of total count
 G = Total turns spent on level
                    A         B        C        D         E        F      G
               +---------+---------+-------+---------+---------+-------+---------
         Total |       0 |    4749 |   0.0 |       0 |     216 |   0.0 |  9841
               +---------+---------+-------+---------+---------+-------+---------
           D:1 |       0 |     131 |   0.0 |       0 |      38 |   0.0 |  1937
           D:2 |       0 |     282 |   0.0 |       0 |      29 |   0.0 |  1134
           D:3 |       0 |     270 |   0.0 |       0 |      24 |   0.0 |  1196
           D:4 |       0 |     121 |   0.0 |       0 |       8 |   0.0 |   857
           D:5 |       0 |     556 |   0.0 |       0 |      16 |   0.0 |  1085
           D:6 |       0 |     995 |   0.0 |       0 |      29 |   0.0 |  1179
           D:7 |       0 |     795 |   0.0 |       0 |      23 |   0.0 |  1383
           D:8 |       0 |    1253 |   0.0 |       0 |      11 |   0.0 |   340
       Ossuary |       0 |     346 |   0.0 |       0 |      38 |   0.0 |   544
               +---------+---------+-------+---------+---------+-------+---------

Table legend:
 A = Turns spent in this place as a percentage of turns spent in the entire game.
 B = Non-inter-level travel turns spent in this place as a percentage of non-inter-level travel turns spent in the entire game.
 C = Inter-level travel turns spent in this place as a percentage of turns spent in this place.
 D = Turns resting spent in this place as a percentage of non-inter-level travel turns spent in this place.
 E = Turns spent auto-exploring this place as a percentage of non-inter-level travel turns spent in this place.
 F = Non-inter-level travel turns spent in this place divided by the number of levels of this place that you've seen.
                   A       B       C       D       E      F
               +-------+-------+-------+-------+-------+----------------------
         Total | 100.0 | 100.0 |   3.5 |  27.4 |  44.1 | 950.0
       Dungeon |  92.6 |  92.7 |   3.4 |  28.4 |  45.9 | 1100.4
        Temple |   1.9 |   1.6 |  17.7 |   0.0 |  98.0 | 153.0
       Ossuary |   5.5 |   5.7 |   0.0 |  19.1 |   0.0 | 544.0
               +-------+-------+-------+-------+-------+----------------------

Vault maps used:
D:1:      lightli_arrival_quake
D:2:      chequers_temple_overflow_statue_of_worship, uniq_sigmund
D:3:      yredelemnul_forgotten_temple_becter, minivault_24,
          corexii_leaking_fountain, dk_vineyard_3, corexii_hall_statues_u
D:4:      first_ration
D:5:      nicolae_ossuary_entry_monument, serial_co_window_serial,
          co_window_corner_a, co_window_corner_a, co_window_paths_b,
          co_window_paths_b, co_window_corner_a, co_window_of_opportunity_a,
          co_window_cross_1, co_window_corner_a, co_window_paths_b,
          co_window_corner_ca, co_window_broadway_b, co_window_of_opportunity_b,
          co_window_4corner_a, glass_columns_a, glass_columns_b,
          glass_columns_a, glass_columns_b, glass_columns_c
D:6:      minmay_temple_entry_overgrown,
          hangedman_abyss_or_decor_jellyfish_corner, grunt_dithmenos_shadows
D:7:      nicolae_overflow_crystal_walls, lemuel_doored_altar,
          serial_co_window_serial, co_window_cross_1, co_window_paths_a,
          co_window_paths_a, co_window_paths_b, co_window_paths_a,
          co_window_paths_b, co_window_paths_a, co_window_corner_b,
          co_window_broadway_c, co_window_unsneaky_path_b,
          co_window_of_opportunity_c, co_window_broadway_a, co_window_4corner_a,
          glass_columns_b
D:8:      minmay_statue_hallways, elyvilon_altar_5, uniq_joseph, uniq_harold
Temple:   eino_temple_scatter_basement
Ossuary:  ossuary_tomb_1
